 Dungeon Crawl Stone Soup version 0.31-a0-1074-g0b22e4e0f1 (webtiles) character file.

Game seed: 12064457384038240150

65 Strat the Caller (level 3, 20/20 HPs)
             Began as a Deep Elf Summoner on Dec 1, 2023.
             Was a Follower of Sif Muna.
             Quit the game on level 2 of the Dungeon.
             The game lasted 00:04:24 (1305 turns).

Strat the Caller (Deep Elf Summoner)                Turns: 1305, Time: 00:04:24

Health: 20/20      AC:  2    Str: 13    XL:     3   Next: 92%
Magic:  9/10       EV: 12    Int: 25    God:    Sif Muna [*.....]
Gold:   42         SH:  0    Dex: 15    Spells: 4/10 levels left

rFire   . . .        e - +1 hand axe (venom)
rCold   . . .        (no shield)
rNeg    . . .        a - +0 robe
rPois   .            (no helmet)
rElec   .            (no cloak)
rCorr   .            (no gloves)
SInv    .            (no boots)
Will    .....        (no amulet)
Stlth   ++           f - +6 ring of intelligence
HPRegen 0.23/turn    j - +6 ring of strength
MPRegen 0.12/turn

%: no passive effects
@: no status effects
A: no striking features
a: Renounce Religion, Channel Magic


You were on level 2 of the Dungeon.
You worshipped Sif Muna.
Sif Muna was aware of your devotion.
You visited 1 branch of the dungeon, and saw 2 of its levels.

You collected 42 gold pieces.

Inventory:

Hand Weapons
 e - a +1 hand axe of venom (weapon)
Missiles
 c - 2 poisoned darts
Armour
 a - a +0 robe (worn)
Jewellery
 f - a +6 ring of intelligence (left hand)
 j - a +6 ring of strength (right hand)
 k - a ring of protection from cold
Scrolls
 d - 3 scrolls of brand weapon {unknown}
 i - a scroll of identify {unknown}
Potions
 b - a potion of magic
 g - a potion of mutation {unknown}
 h - a potion of lignification {unknown}
 l - a potion of might {unknown}
 m - 2 potions of attraction {unknown}


   Skills:
 + Level 1.0 Fighting
 - Level 2.4 Dodging
 - Level 2.4 Stealth
 * Level 4.3 Spellcasting
 + Level 0.7 Hexes
 * Level 5.1 Summonings


You had 4 spell levels left.
You knew the following spells:

 Your Spells              Type           Power      Damage    Failure   Level
a - Summon Small Mammal   Summ           100%       N/A       1%          1
b - Call Imp              Summ           62%        N/A       1%          2
c - Summon Guardian Gole  Hex/Summ       20%        N/A       8%          3

Your spell library contained the following spells:

 Spells                   Type           Power      Damage    Failure   Level
 Call Canine Familiar     Summ           31%        N/A       3%          3
 Scorch                   Fire           10%        2d5       13%         2
 Summon Lightning Spire   Summ/Air       18%        N/A       30%         4
 Flame Wave               Conj/Fire      5%         2d5       65%         4
 Summon Cactus Giant      Summ           15%        N/A       86%         6


Dungeon Overview and Level Annotations

Branches:
Dungeon (2/15)

Altars:
Sif Muna

Shops:
D:1 (

Annotations:
D:2 Natasha


Message History

You swap places.
You see here a +0 dagger.
Found a dagger.
Found a faded altar of an unknown god.
Found 2 emerald potions.
Found 16 gold pieces and a book of Scorching.
You now have 26 gold pieces (gained 2).
m - 2 emerald potions Your cerulean imp disappears in a puff of smoke!
You now have 42 gold pieces (gained 16).
A rat comes into view.
You see here a book of Scorching.
You pick up a book of Scorching and begin reading...
You add the spells Scorch, Flame Wave and Summon Cactus Giant to your library.
Casting: Call Imp (safe; 1% risk of failure)
Confirm with . or Enter, or press ? or * to list all spells.
A tiny devil pulls itself out of the air.
Your cerulean imp closely misses the rat.
Your cerulean imp hits the rat with a -1 spear.
The rat dies!
There is a faded altar of an unknown god here.
You see here a +0 dagger.
This altar belongs to (a) Sif Muna, (b) Lugonu or (c) Zin, but you can't tell which.
Press the corresponding letter to learn more about a god, or press enter to convert or escape to cancel.
Okay, then.
You swap places.
There is a faded altar of an unknown god here.
You see here a +0 dagger.
This altar belongs to (a) Sif Muna, (b) Lugonu or (c) Zin, but you can't tell which.
Press the corresponding letter to learn more about a god, or press enter to convert or escape to cancel.
Okay, then.
There is a faded altar of an unknown god here.
You see here a +0 dagger.
This altar belongs to (a) Sif Muna, (b) Lugonu or (c) Zin, but you can't tell which.
Press the corresponding letter to learn more about a god, or press enter to convert or escape to cancel.
Sif Muna accepts your prayer! Sif Muna welcomes you!
You can now call upon Sif Muna for magical energy.
Saving game... please wait.
Level annotation: Natasha Welcome back, Strat the Deep Elf Summoner.
Sif Muna whispers: I know many secrets...
Press ? for a list of commands and other information.
Are you sure you want to abandon this character and quit the game? (Confirm with "yes".)

#. ####.##.# ..#
.......... # #.#
###.##.. .... #.#.#
#... ..# #..
#.#.###.#
..##.#.)###
#.......#
..r....595h
#.....###..##.#.)###
#................ ##
#.5@...##........ ..
#.....## ######## #.
#.....# #. #.###.#
#. #.##..# #.
#....## ###. ###.##
#... #.# #.#. #.#
#.#.


You could see a friendly cerulean imp (summoned).

Vanquished Creatures
  A bat (D:1)
1 creature vanquished.

Vanquished Creatures (collateral kills)
  An adder (D:2)
  A dart slug (D:1)
  4 endoplasms
  3 goblins
  A hobgoblin (D:1)
  A kobold (D:1)
  2 quokkas (D:1)
  4 ball pythons (D:1)
  2 bats (D:1)
  3 frilled lizards (D:1)
  3 rats
25 creatures vanquished.

Vanquished Creatures (others)
  Terence (D:2)
  A kobold (D:2)
2 creatures vanquished.

Grand Total: 28 creatures vanquished

Notes
Turn   | Place    | Note
-------+----------+-------------------------------------------
     0 | D:1      | Strat the Deep Elf Summoner began the quest for the Orb.
     0 | D:1      | Reached XP level 1. HP: 10/10 MP: 6/6
   276 | D:1      | Reached XP level 2. HP: 15/15 MP: 5/8
   279 | D:1      | Learned a level 2 spell: Call Imp
   758 | D:1      | Found Cukuzup's Weapon Boutique.
   984 | D:2      | Reached XP level 3. HP: 20/20 MP: 7/10
  1046 | D:2      | Noticed Terence
  1060 | D:2      | Learned a level 3 spell: Summon Guardian Golem
  1076 | D:2      | Killed Terence
  1077 | D:2      | Reached skill level 1 in Fighting
  1077 | D:2      | Reached skill level 5 in Summonings
  1094 | D:2      | Noticed Natasha
  1105 | D:2      | HP: 1/20 [cerulean imp/+2 spear[Natasha] (2)]
  1272 | D:2      | Found a faded altar of an unknown god.
  1304 | D:2      | Prayed at the altar of an unknown god.
  1304 | D:2      | Became a worshipper of Sif Muna the Loreminder
  1304 | D:2      | Reached * piety under Sif Muna
  1305 | D:2      | Quit the game

Illustrated notes

Levels and vault maps discovered:
D:1:      saegor_arrival_simple_a, layout_basic, serial_shops,
          nicolae_shop_window_shopping
D:2:      layout_loops_ring, ebering_ecumenical_altar_sacrificial, uniq_terence,
          uniq_natasha

Skill      XL: |  1  2  3 |
---------------+----------+-----
Spellcasting   | 4 |  4.3
Fighting       | 1 |  1.0
Summonings     | 5 |  5.1
Dodging        | |  2.4
Stealth        | |  2.4
Hexes          | |  0.7

Action                     || total
---------------------------++-------
  Melee: Unarmed           ||     2
         Hand axe          ||     6
   Cast: Summon Small Mamm ||    18
         Call Imp          ||    16
         Summon Guardian G ||     2
 Armour: Robe              ||    12
  Dodge: Dodged            ||    23

Table legend: (Time is in decaauts)
 A = Elapsed time spent in this place.
 B = Non-inter-level travel time spent in this place.
 C = Inter-level travel time spent in this place.
 D = Time resting spent in this place.
 E = Time spent auto-exploring this place.
 F = Levels seen in this place.
 G = Mean time per level.
                   A        B        C        D        E       F      G
               +--------+--------+--------+--------+--------+-----+--------+
         Total |   1306 |   1267 |     39 |     94 |    805 |   2 |  653.0 |
       Dungeon |   1306 |   1267 |     39 |     94 |    805 |   2 |  653.0 |
               +--------+--------+--------+--------+--------+-----+--------+

Top non-repeatable levels by time:
     D:1: 1063 daAuts
     D:2: 242 daAuts
